 Dungeon Crawl Stone Soup version 0.26-a0-639-g72c4674329 (webtiles) character file.

Game seed: 14734126520433350678

(classic levelgen) 115 EnegeticOcto the Covered (level 4, -8/42 HPs)
             Began as a Deep Dwarf Fighter on Sept 23, 2020.
             Mangled by an ogre
             ... wielding a +0 giant spiked club
              (24 damage)
             ... on level 4 of the Dungeon.
             The game lasted 00:00:19 (640 turns).

EnegeticOcto the Covered (Deep Dwarf Fighter)        Turns: 640, Time: 00:00:20

Health: -8/42      AC:  7    Str: 21    XL:     4   Next: 68%
Magic:  4/4        EV:  7    Int:  8    God:
Gold:   75         SH:  9    Dex: 12    Spells: 3/3 levels left

rFire    . . .     SeeInvis .   a - +0 war axe
rCold    . . .     Faith    .   c - +0 kite shield
rNeg     . . .     Spirit   .   b - +0 scale mail
rPois    .         Reflect  .   (no helmet)
rElec    .         Harm     .   (no cloak)
rCorr    .         Rampage  .   (no gloves)
MR       .....                  (no boots)
Stlth    ..........             (no amulet)
HPRegen  0.00/turn              (no ring)
MPRegen  0.09/turn              (no ring)

@: non-regenerating
A: damage resistance, heal wounds, sense surroundings 1, no regeneration
a: Heal Wounds


You were on level 4 of the Dungeon.
You visited 1 branch of the dungeon, and saw 4 of its levels.

You collected 75 gold pieces.

Inventory:

Hand Weapons
 a - a +0 war axe (weapon)
Armour
 b - a +0 scale mail (worn)
 c - a +0 kite shield (worn)
Scrolls
 e - a scroll of enchant weapon {unknown}
 f - a scroll of enchant armour {unknown}
 g - a scroll of teleportation {unknown}
 h - 2 scrolls of identify {unknown}
 i - 2 scrolls of amnesia {unknown}
 j - a scroll of random uselessness {unknown}
Potions
 d - 2 potions of might {@q3}


   Skills:
 + Level 3.2 Fighting
 * Level 3.8 Axes
 + Level 4.0 Armour
 + Level 3.9 Shields


You had 3 spell levels left.
You didn't know any spells.
Your spell library was empty.

Dungeon Overview and Level Annotations

Branches:
Dungeon (4/15)
 Temple: D:4-7

Altars:
Elyvilon
Fedhas


Innate Abilities, Weirdness & Mutations

You are resistant to damage.
You can heal yourself by infusing magical energy.
You passively map a small area around you.
You do not regenerate.


Message History

You barely miss the hound.
The hound is moderately wounded.
The hound bites you but does no damage. x2
You hit the hound.
The hound is severely wounded.
The hound bites you but does no damage. x2
You miss the hound.
The hound is severely wounded.
You block the hound's attack. x2
You hit the hound.
The hound is almost dead.
The hound bites you. x2
You closely miss the hound.
The hound is almost dead.
The hound bites you. You block the hound's attack.
You miss the hound.
The hound is almost dead.
You block the hound's attack. x2
You hit the hound.
The hound is almost dead.
You block the hound's attack. x2
You closely miss the hound.
The hound is almost dead.
You block the hound's attack. The hound bites you but does no damage.
You closely miss the hound.
The hound is almost dead.
You block the hound's attack. The hound bites you but does no damage.
You barely miss the hound.
The hound is almost dead.
The hound bites you but does no damage. The hound barely misses you.
You hit the hound.
You kill the hound!
Your Armour skill increases to level 4!
No target in view!
You see here a hound corpse.
You now have 53 gold pieces (gained 10).
Found 20 stones.
i - a scroll labeled KAANELUW LOO
Found 7 arrows.
You see here 20 stones.
A leopard gecko comes into view.
The leopard gecko hisses angrily.
The leopard gecko hisses menacingly.
You see here a scroll labeled PACHOP MYAN.
A leopard gecko is nearby!
The leopard gecko bites you but does no damage.
You slash the leopard gecko!
You kill the leopard gecko!
No target in view!
No target in view!
No target in view!
No target in view!
No target in view!
No target in view!
No target in view!
No target in view!
No target in view!
No target in view!
No target in view!
No target in view!
j - a scroll labeled PACHOP MYAN
Found 15 sling bullets.
Found a stone staircase leading down.
You see here 15 sling bullets.
Found a stone staircase leading up.
You now have 66 gold pieces (gained 13).
You now have 75 gold pieces (gained 9).
Found a white marble altar of Elyvilon.
h - 2 scrolls labeled SOXYCSAENO (gained 1)
i - 2 scrolls labeled KAANELUW LOO (gained 1)
Found 24 sling bullets.
An ogre comes into view. It is wielding a +0 giant spiked club.
The ogre shouts!
You hit the ogre.
The ogre is lightly wounded.
The ogre closely misses you.
You hit the ogre.
The ogre is lightly wounded.
The ogre hits you with a +0 giant spiked club!
You are too injured to fight recklessly!
You are too injured to fight recklessly!
You are too injured to fight recklessly!
You are too injured to fight recklessly!
You are too injured to fight recklessly!
You are too injured to fight recklessly!
You are too injured to fight recklessly!
You are too injured to fight recklessly!
You are too injured to fight recklessly!
You are too injured to fight recklessly!
You are too injured to fight recklessly!
You are too injured to fight recklessly!
You are too injured to fight recklessly!
You are too injured to fight recklessly!
You are too injured to fight recklessly!
An ogre is nearby!
An ogre is nearby!
An ogre is nearby!
You fail to use your ability.
The ogre hits you with a +0 giant spiked club!!
Ouch! That really hurt!
You die...

#....###.##.#
#...## ##(..#
#....###.####
##.##.#.#####
###.###.#.....
###...###.#.####
###...#.##....<...
#...###.##..#.##..
#@♣#♣ ♣.##....##..
#.O...#.#♣.♣.....)
##♣#♣.♣.♣♣.♣♣..#..
..♣P. ♣♣♣... .♣
♣.P♣.# ** ♣P.♣♣..
,P.♣,♣.# ♣.. ,♣.#
♣♣ ♣.#


You could see an ogre.

Vanquished Creatures
  A centaur skeleton (D:4)
  2 hounds (D:4)
  A howler monkey skeleton (D:4)
  2 worms
  2 leopard geckos
  A bat (D:2)
  A giant cockroach (D:3)
  A goblin (D:1)
  A hobgoblin (D:2)
  3 frilled lizards
  A rat (D:1)
16 creatures vanquished.

Notes
Turn   | Place    | Note
-------+----------+-------------------------------------------
     0 | D:1      | EnegeticOcto the Deep Dwarf Fighter began the quest for the
                  | Orb.
     0 | D:1      | Reached XP level 1. HP: 20/20 MP: 1/1
   165 | D:3      | Reached XP level 2. HP: 24/27 MP: 2/2
   316 | D:4      | Reached XP level 3. HP: 29/34 MP: 3/3
   386 | D:4      | Found a blossoming altar of Fedhas.
   482 | D:4      | Reached XP level 4. HP: 20/42 MP: 4/4
   506 | D:4      | Reached skill level 4 in Armour
   596 | D:4      | Found a white marble altar of Elyvilon.
   637 | D:4      | Noticed an ogre
   640 | D:4      | Mangled by an ogre

Illustrated notes

Levels and vault maps discovered:
D:1:      lightli_arrival_boilingwater, layout_basic
D:2:      wander_river, layout_loops_ring, lemuel_round_altar,
          lemuel_coloured_pillars_altar, minmay_misc_feat_cross
D:3:      layout_loops_cross, chequers_ecumenical_altar_island
D:4:      layout_loops_ring, lemuel_round_altar, nicolae_tso_swordbearing_angel,
          minmay_temple_entry_antechambers, serial_forest,
          infiniplex_forest_end_3, infiniplex_forest_straight_4,
          infiniplex_forest_3_way, infiniplex_forest_clump_tiny,
          infiniplex_forest_lined_corner, chequers_decorated_corner,
          fedhas_altar_3

Skill      XL: |  1  2  3  4 |
---------------+-------------+-----
Fighting       | 3 |  3.2
Axes           | 3 |  3.8
Armour         | 4 |  4.0
Shields        | |  3.9

Action                   |  1- 3 |  4- 6 || total
-------------------------+-------+-------++-------
Melee: War axe           |    37 |    24 ||    61
 Abil: Heal Wounds       |       |     1 ||     1
Armor: Scale mail        |    10 |    15 ||    25
Dodge: Dodged            |    15 |     7 ||    22
Block: Kite shield       |    24 |    18 ||    42

Table legend: (Time is in decaauts)
 A = Elapsed time spent in this place.
 B = Non-inter-level travel time spent in this place.
 C = Inter-level travel time spent in this place.
 D = Time resting spent in this place.
 E = Time spent auto-exploring this place.
 F = Levels seen in this place.
 G = Mean time per level.
                   A        B        C        D        E       F      G
               +--------+--------+--------+--------+--------+-----+--------+
         Total |    666 |    613 |     53 |      0 |    477 |   4 |  166.5 |
       Dungeon |    666 |    613 |     53 |      0 |    477 |   4 |  166.5 |
               +--------+--------+--------+--------+--------+-----+--------+

Top non-repeatable levels by time:
     D:4: 366 daAuts
     D:3: 142 daAuts
     D:2: 107 daAuts
     D:1: 50 daAuts
